SAA
DURHAM RAPIERS @ MINNESOTA LOONS
07/21/2027
 
TOP OF THE 1ST
Durham Rapiers batting - Pitching for Minnesota Loons : RHP Anatoly Ivanovich
Pitching: RHP Anatoly Ivanovich
Batting: RHB Orlando Montoya 0-0: Ground out 6-3 (Groundball, 6)
Batting: LHB Steve Costillo 0-0: Ball
1-0: Ball
2-0: Ball
3-0: Called Strike
3-1: Foul Ball, location: 2F
3-2: Strikes out swinging
Batting: SHB Marcos Roa 0-0: Called Strike
0-1: Called Strike
0-2: Ball
1-2: Strikes out swinging
Top of the 1st over - 0 run(s), 0 hit(s), 0 error(s), 0 left on base; Durham 0 - Minnesota 0
BOTTOM OF THE 1ST
Minnesota Loons batting - Pitching for Durham Rapiers : RHP Johnnie Bough
Pitching: RHP Johnnie Bough
Batting: RHB Alan Bryan 0-0: Foul Ball, location: 2F
0-1: Swinging Strike
0-2: Foul Ball, location: 2F
0-2: Ball
1-2: Foul Ball, location: 2F
1-2: Ball
2-2: Ball
3-2: Foul Ball, location: 2F
3-2: SINGLE (Groundball, 56D)
Batting: SHB Lowell Moon 0-0: Called Strike
0-1: Called Strike
0-2: Ball
1-2: Ball
2-2: Foul Ball, location: 2F
2-2: Foul Ball, location: 2F
2-2: Ground out 3-1 (Groundball, 34S)
Alan Bryan to second
Batting: RHB Salvador Esparza 0-0: Ball
1-0: Ball
2-0: Called Strike
2-1: SINGLE (Flyball, 8LS)
Alan Bryan to third
Runner from 3rd tries for Home, SAFE, no throw
Batting: LHB Alfredo Arévalo 0-0: Called Strike
0-1: Ball
1-1: Ball
2-1: Ball
3-1: Base on Balls
Salvador Esparza to second
Batting: LHB Juan Aranda 0-0: Ball
1-0: Foul Ball, location: 2F
1-1: Foul Ball, location: 2F
1-2: Ball
2-2: Ball
3-2: Foul Ball, location: 2F
3-2: DOUBLE (Line Drive, 89XD)
Salvador Esparza scores
Alfredo Arévalo to third
Batting: RHB Jorge Arreola 0-0: Called Strike
0-1: Ball
1-1: Swinging Strike
1-2: Ball
2-2: Ball
3-2: Foul Ball, location: 2F
3-2: Base on Balls
Batting: SHB David Martínez 0-0: Ball
1-0: Fly out, F8 (Flyball, 8LM)
Runner from 3rd tags up, SCORES, no throw
Batting: RHB Juan Martínez 0-0: Swinging Strike
0-1: Ball
1-1: DOUBLE (Line Drive, 9LM)
Juan Aranda scores
Jorge Arreola to third
Runner from 3rd tries for Home, SAFE, no throw
Batting: LHB Miguel Zúńiga 0-0: Ball
1-0: Ball
2-0: Called Strike
2-1: Foul Ball, location: 2F
2-2: Ball
3-2: Foul Ball, location: 2F
3-2: Base on Balls
Batting: RHB Alan Bryan 0-0: Called Strike
0-1: Foul Ball, location: 2F
0-2: Foul Ball, location: 2F
0-2: Ball
1-2: SINGLE (Line Drive, 56)
Juan Martínez to third
Miguel Zúńiga to second
Runner from 3rd tries for Home, SAFE, no throw
Batting: SHB Lowell Moon 0-0: Called Strike
0-1: Ground out 6-3 (Groundball, 6S)
Bottom of the 1st over - 6 run(s), 5 hit(s), 0 error(s), 2 left on base; Durham 0 - Minnesota 6
TOP OF THE 2ND
Durham Rapiers batting - Pitching for Minnesota Loons : RHP Anatoly Ivanovich
Batting: SHB Tae-shik Ch'oe 0-0: Fly out, F4 (Line Drive, 4)
Batting: RHB Luis Martínez 0-0: Called Strike
0-1: Ground out U3 (Groundball, 34)
Batting: RHB Santo Alba 0-0: Called Strike
0-1: Ball
1-1: Swinging Strike
1-2: Ball
2-2: Ground out 4-3 (Groundball, 4)
Top of the 2nd over - 0 run(s), 0 hit(s), 0 error(s), 0 left on base; Durham 0 - Minnesota 6
BOTTOM OF THE 2ND
Minnesota Loons batting - Pitching for Durham Rapiers : RHP Johnnie Bough
Batting: RHB Salvador Esparza 0-0: Ball
1-0: SOLO HOME RUN (Flyball, 7D), Distance : 349 ft
Pitching: RHP Cecil Beijeman
Batting: LHB Alfredo Arévalo 0-0: Ball
1-0: Foul Ball, location: 2F
1-1: SINGLE (Flyball, 8RS)
Batting: LHB Juan Aranda 0-0: Ball
1-0: Ball
2-0: Ball
3-0: Base on Balls
Alfredo Arévalo to second
Batting: RHB Jorge Arreola 0-0: Ball
1-0: Fly out, F7 (Line Drive, 7S)
Batting: SHB David Martínez 0-0: Called Strike
0-1: Ball
1-1: SINGLE (Line Drive, 6MD)
Alfredo Arévalo to third
Juan Aranda to second
Batting: RHB Juan Martínez 0-0: Ball
1-0: Ball
2-0: Foul Ball, location: 2F
2-1: Fly out, F4 (Popup, 4S)
Batting: LHB Miguel Zúńiga 0-0: Called Strike
0-1: Ball
1-1: Ball
2-1: Ball
3-1: Base on Balls
Alfredo Arévalo scores
Juan Aranda to third
David Martínez to second
Batting: RHB Alan Bryan 0-0: Ball
1-0: Foul Ball, location: 2F
1-1: Foul Ball, location: 2F
1-2: Strikes out looking
Bottom of the 2nd over - 2 run(s), 3 hit(s), 0 error(s), 3 left on base; Durham 0 - Minnesota 8
TOP OF THE 3RD
Durham Rapiers batting - Pitching for Minnesota Loons : RHP Anatoly Ivanovich
Batting: RHB Rick McGuire 0-0: Called Strike
0-1: Ball
1-1: Foul Ball, location: 2F
1-2: Foul Ball, location: 2F
1-2: Strikes out swinging
Batting: RHB Dave Sienna 0-0: Called Strike
0-1: Ball
1-1: Ball
2-1: Ground out 6-3 (Groundball, 6)
Batting: SHB Carlos Chávez 0-0: Ball
1-0: Swinging Strike
1-1: Ball
2-1: Ball
3-1: Swinging Strike
3-2: Strikes out swinging
Top of the 3rd over - 0 run(s), 0 hit(s), 0 error(s), 0 left on base; Durham 0 - Minnesota 8
BOTTOM OF THE 3RD
Minnesota Loons batting - Pitching for Durham Rapiers : RHP Cecil Beijeman
Batting: SHB Lowell Moon 0-0: Ball
1-0: Called Strike
1-1: Fly out, F9 (Flyball, 89S)
Batting: RHB Salvador Esparza 0-0: Ball
1-0: Called Strike
1-1: Ball
2-1: Swinging Strike
2-2: Strikes out swinging
Batting: LHB Alfredo Arévalo 0-0: Called Strike
0-1: Swinging Strike
0-2: Ball
1-2: Ground out 4-3 (Groundball, 34)
Bottom of the 3rd over - 0 run(s), 0 hit(s), 0 error(s), 0 left on base; Durham 0 - Minnesota 8
TOP OF THE 4TH
Durham Rapiers batting - Pitching for Minnesota Loons : RHP Anatoly Ivanovich
Batting: RHB Orlando Montoya 0-0: Called Strike
0-1: Ground out 6-3 (Groundball, 6)
Batting: LHB Steve Costillo 0-0: Called Strike
0-1: Ball
1-1: Foul Ball, location: 2F
1-2: Strikes out swinging
Batting: SHB Marcos Roa 0-0: Ground out 4-3 (Groundball, 4M)
Top of the 4th over - 0 run(s), 0 hit(s), 0 error(s), 0 left on base; Durham 0 - Minnesota 8
BOTTOM OF THE 4TH
Minnesota Loons batting - Pitching for Durham Rapiers : RHP Cecil Beijeman
Batting: LHB Juan Aranda 0-0: Ball
1-0: Called Strike
1-1: Ground out 1-3 (Groundball, 15S)
Batting: RHB Jorge Arreola 0-0: Ball
1-0: Foul Ball, location: 2F
1-1: Ball
2-1: Ball
3-1: Base on Balls
Batting: SHB David Martínez 0-0: Ball
1-0: Ball
2-0: Called Strike
2-1: Fielders Choice at 2nd, 3-6 (Groundball, 3)
Batting: RHB Juan Martínez 0-0: Called Strike
0-1: SINGLE (Groundball, 6D)
David Martínez to second
Runner from 2nd tries for 3rd, SAFE, throw made to third
Batting: LHB Miguel Zúńiga 0-0: Ball
1-0: Fielders Choice at 2nd, 4-6 (Groundball, 4)
Bottom of the 4th over - 0 run(s), 1 hit(s), 0 error(s), 1 left on base; Durham 0 - Minnesota 8
TOP OF THE 5TH
Durham Rapiers batting - Pitching for Minnesota Loons : RHP Anatoly Ivanovich
Batting: SHB Tae-shik Ch'oe 0-0: Called Strike
0-1: Called Strike
0-2: Ball
1-2: Ground out U3 (Groundball, 34S)
Batting: RHB Luis Martínez 0-0: SINGLE (Line Drive, 78S)
Batting: RHB Santo Alba 0-0: Ball
1-0: Ball
2-0: Foul Ball, location: 2F
2-1: Ball
3-1: Base on Balls
Luis Martínez to second
Batting: RHB Rick McGuire 0-0: Foul Ball, location: 2F
0-1: Called Strike
0-2: Ball
1-2: Strikes out swinging
Batting: RHB Dave Sienna 0-0: Ball
1-0: Ball
2-0: Called Strike
2-1: Ball
3-1: Base on Balls
Luis Martínez to third
Santo Alba to second
Batting: SHB Carlos Chávez 0-0: Called Strike
0-1: Ball
1-1: Foul Ball, location: 2F
1-2: Strikes out looking
Top of the 5th over - 0 run(s), 1 hit(s), 0 error(s), 3 left on base; Durham 0 - Minnesota 8
BOTTOM OF THE 5TH
Minnesota Loons batting - Pitching for Durham Rapiers : RHP Cecil Beijeman
Pitching: LHP Steve Seabolt
Batting: RHB Alan Bryan 0-0: Ball
1-0: Ball
2-0: Ball
3-0: Called Strike
3-1: Swinging Strike
3-2: Base on Balls
Batting: SHB Lowell Moon 0-0: Called Strike
0-1: Foul Ball, location: 2F
0-2: Ball
1-2: Ball
2-2: Strikes out looking
Batting: RHB Salvador Esparza 0-0: Called Strike
0-1: Ball
1-1: Ball
2-1: Fielders Choice at 2nd, 6-4 (Groundball, 6)
Batting: LHB Alfredo Arévalo 0-0: TRIPLE (Line Drive, 3L)
Salvador Esparza scores
Batting: LHB Juan Aranda 0-0: Called Strike
0-1: Ball
1-1: Ground out 6-3 (Groundball, 6M)
Bottom of the 5th over - 1 run(s), 1 hit(s), 0 error(s), 1 left on base; Durham 0 - Minnesota 9
TOP OF THE 6TH
Durham Rapiers batting - Pitching for Minnesota Loons : RHP Anatoly Ivanovich
Batting: RHB Orlando Montoya 0-0: Ball
1-0: Foul Ball, location: 2F
1-1: Ball
2-1: Ball
3-1: Swinging Strike
3-2: Foul Ball, location: 2F
3-2: Strikes out swinging
Batting: LHB Steve Costillo 0-0: SINGLE (Groundball, 6M) (infield hit)
Batting: SHB Marcos Roa 0-0: Foul Ball, location: 2F
0-1: Fly out, F8 (Flyball, 78M)
Batting: SHB Tae-shik Ch'oe 0-0: Ball
1-0: Called Strike
1-1: Ball
2-1: Swinging Strike
2-2: Strikes out swinging
Top of the 6th over - 0 run(s), 1 hit(s), 0 error(s), 1 left on base; Durham 0 - Minnesota 9
BOTTOM OF THE 6TH
Minnesota Loons batting - Pitching for Durham Rapiers : LHP Steve Seabolt
Batting: RHB Jorge Arreola 0-0: Ball
1-0: Ball
2-0: Swinging Strike
2-1: Fly out, F8 (Line Drive, 8RM)
Batting: SHB David Martínez 0-0: Fly out, F4 (Line Drive, 4M)
Batting: RHB Juan Martínez 0-0: Called Strike
0-1: Ball
1-1: Ball
2-1: Ball
3-1: Ground out 5-3 (Groundball, 5)
Bottom of the 6th over - 0 run(s), 0 hit(s), 0 error(s), 0 left on base; Durham 0 - Minnesota 9
TOP OF THE 7TH
Durham Rapiers batting - Pitching for Minnesota Loons : RHP Anatoly Ivanovich
Batting: RHB Luis Martínez 0-0: Fly out, F6 (Line Drive, 56)
Batting: RHB Santo Alba 0-0: Ball
1-0: Called Strike
1-1: Foul Ball, location: 2F
1-2: Strikes out looking
Batting: RHB Rick McGuire 0-0: Ball
1-0: Ball
2-0: Called Strike
2-1: Ball
3-1: Swinging Strike
3-2: SINGLE (Groundball, 56D)
Batting: RHB Dave Sienna 0-0: Ball
1-0: Swinging Strike
1-1: Swinging Strike
1-2: Foul Ball, location: 2F
1-2: Foul Ball, location: 2F
1-2: Fly out, F8 (Flyball, 8LM)
Top of the 7th over - 0 run(s), 1 hit(s), 0 error(s), 1 left on base; Durham 0 - Minnesota 9
BOTTOM OF THE 7TH
Minnesota Loons batting - Pitching for Durham Rapiers : LHP Steve Seabolt
Batting: LHB Miguel Zúńiga 0-0: Ball
1-0: Swinging Strike
1-1: Called Strike
1-2: Ball
2-2: Ball
3-2: Ground out 6-3 (Groundball, 6)
Batting: RHB Alan Bryan 0-0: Called Strike
0-1: Ball
1-1: Ball
2-1: Ball
3-1: Foul Ball, location: 2F
3-2: Base on Balls
Batting: SHB Lowell Moon 0-0: Called Strike
0-1: Ball
1-1: Ground out 3-1 (Groundball, 2R)
Alan Bryan to second
Batting: RHB Salvador Esparza 0-0: Fly out, F7 (Flyball, 7)
Bottom of the 7th over - 0 run(s), 0 hit(s), 0 error(s), 1 left on base; Durham 0 - Minnesota 9
TOP OF THE 8TH
Durham Rapiers batting - Pitching for Minnesota Loons : RHP Anatoly Ivanovich
Now at 1B: Alex Rucker
Pinch Hitting: RHB António Díaz 0-0: Ball
1-0: Called Strike
1-1: Ball
2-1: Ground out 1-3 (Groundball, P)
Pitching: RHP José Juárez
Batting: RHB Orlando Montoya 0-0: Swinging Strike
0-1: Foul Ball, location: 2F
0-2: Strikes out swinging
Batting: LHB Steve Costillo 0-0: Ball
1-0: Called Strike
1-1: Foul Ball, location: 2F
1-2: SINGLE (Line Drive, 6)
Batting: SHB Marcos Roa 0-0: Foul Ball, location: 2F
0-1: Ball
1-1: Fielders Choice at 2nd, U6 (Groundball, 6M)
Top of the 8th over - 0 run(s), 1 hit(s), 0 error(s), 1 left on base; Durham 0 - Minnesota 9
BOTTOM OF THE 8TH
Minnesota Loons batting - Pitching for Durham Rapiers : LHP Steve Seabolt
Now at SS: António Díaz
Batting: LHB Alfredo Arévalo 0-0: Called Strike
0-1: Ball
1-1: Foul Ball, location: 2F
1-2: Ball
2-2: Ground out 4-3 (Groundball, 4)
Batting: LHB Juan Aranda 0-0: Called Strike
0-1: Called Strike
0-2: Ball
1-2: Ball
2-2: SINGLE (Groundball, 56D)
Pitching: LHP John Hartley
Pinch Hitting: RHB Isuru Tanaka 0-0: Called Strike
0-1: Ball
1-1: Foul Ball, location: 2F
1-2: Fly out, F8 (Flyball, 8RS)
Batting: SHB David Martínez 0-0: Ball
1-0: Called Strike
1-1: Called Strike
1-2: 2-RUN HOME RUN (Flyball, 7D), Distance : 350 ft
Batting: RHB Juan Martínez 0-0: Ball
1-0: Called Strike
1-1: Foul Ball, location: 2F
1-2: Strikes out looking
Bottom of the 8th over - 2 run(s), 2 hit(s), 0 error(s), 0 left on base; Durham 0 - Minnesota 11
TOP OF THE 9TH
Durham Rapiers batting - Pitching for Minnesota Loons : RHP José Juárez
Now at 3B: Isuru Tanaka
Now in LF: Nathaniel Griffin
Now in RF: Carey Heidemann
Batting: SHB Tae-shik Ch'oe 0-0: Foul Ball, location: 2F
0-1: Ball
1-1: Swinging Strike
1-2: Ball
2-2: Strikes out swinging
Batting: RHB Luis Martínez 0-0: Ball
1-0: Called Strike
1-1: Swinging Strike
1-2: Strikes out swinging
Batting: RHB Santo Alba 0-0: Ball
1-0: Ball
2-0: Foul Ball, location: 2F
2-1: Foul Ball, location: 2F
2-2: Foul Ball, location: 2F
2-2: Foul Ball, location: 2F
2-2: Foul Ball, location: 2F
2-2: Strikes out looking
Top of the 9th over - 0 run(s), 0 hit(s), 0 error(s), 0 left on base; Durham 0 - Minnesota 11
Saturday, May 26th, 2018 - OOTP Baseball 17.12 Build 75